 Dungeon Crawl Stone Soup version 0.15-a0-35-ga771cbd (webtiles) character file.

161 MackTheKnife the Chopper (level 4, -4/35 HPs)
             Began as a Human Fighter on Apr 2, 2014.
             Killed by divine providence
             ... invoked by an orc priest
              (10 damage)
             ... on Level 3 of the Dungeon.
             The game lasted 00:03:08 (2186 turns).

MackTheKnife the Chopper (Human Fighter)            Turns: 2186, Time: 00:03:08

HP  -4/35        AC  7     Str 17      XL: 4   Next: 70%
MP   4/4         EV  6     Int  8      God:
Gold 79          SH 18     Dex 13      Spells:  0 memorised,  3 levels left

rFire  . . .     SeeInvis .     a - +0 war axe
rCold  . . .     Clarity  .     b - +0 scale mail
rNeg   . . .     Conserve .     c - +0 shield
rPois  .         rCorr    .     (no helmet)
rElec  .         rRot     .     (no cloak)
SustAb . .       Spirit   .     m - +0 pair of gloves
rMut   .         Warding  .     (no boots)
Saprov . . .     Stasis   .     (no amulet)
MR     .....                    (no ring)
                                n - ring of flight

@: not resistant to hostile enchantments, extremely unstealthy
A: no striking features
a: Evoke Flight


You were on level 3 of the Dungeon.
You were near starving.

You visited 1 branch of the dungeon, and saw 3 of its levels.

You collected 79 gold pieces.


   Skills:
 - Level 3.0 Fighting
 + Level 4.5 Axes
 - Level 3.0 Armour
 - Level 3.0 Shields


You had 3 spell levels left.
You didn't know any spells.

Inventory:

Hand weapons
 a - a +0,+0 war axe (weapon)
Armour
 b - a +0 scale mail (worn)
 c - a +0 shield (worn)
 m - a +0 pair of gloves (worn)
Comestibles
 d - 2 bread rations
 g - 2 chokos
 h - 4 meat rations
 i - an apple
 r - a pear
Scrolls
 l - 2 scrolls of blinking
Jewellery
 f - an uncursed ring of ice
 n - a ring of flight (left hand)
 t - an uncursed ring of poison resistance {unknown}
Potions
 e - 3 potions of might
 j - a potion of beneficial mutation {unknown}
 k - 3 potions of restore abilities
 p - a potion of heal wounds
 q - a potion of invisibility {unknown}
 u - a potion of paralysis {unknown} · ··▒ ·· ▒▒▒▒·▒ ▒oool▒

▒▒@▒ ▒▒▒▒+▒▒▒▒▒▒ ▒··▒
▒·········▒▒▒'▒▒▒▒▒▒▒▒
▒·········▒▒·········▒
▒·········▒▒·········▒
▒·········▒··········▒ ▒▒▒
▒·········▒····>·····▒▒▒▒▒▒▒▒··
▒····················▒▒·······▒
▒··········▒·········▒▒·▒▒▒▒▒▒▒


You could see an orc priest, an orc wizard, an orc and a giant gecko.


Message History

The orc priest hits you but does no damage!
The orc wizard hits you with a dagger!
* * * LOW HITPOINT WARNING * * *
You closely miss the orc priest!
The orc priest is heavily wounded!
You closely miss the orc wizard!
The orc wizard is heavily wounded!
The orc wizard hits you but does no damage!
The orc priest hits you but does no damage!
The orc wizard hits you with a dagger!
* * * LOW HITPOINT WARNING * * *
You carve the orc wizard like a ham!
The orc wizard is severely wounded!
You cut the orc priest but do no damage!
The orc priest is heavily wounded!
The orc wizard hits you but does no damage!
The orc priest becomes somewhat translucent!
You cut the orc priest into ribbons!
The orc priest is severely wounded!
You slice the orc wizard but do no damage!
The orc wizard is severely wounded!
You block the orc wizard's attack!
The orc priest hits you but does no damage!
The orc wizard gestures at you while chanting!
The magic dart hits you!!!
* * * LOW HITPOINT WARNING * * *
The orc priest loudly shouts encouragement to no one in particular!
The orc priest invokes the aid of Beogh against you!
Something smites you!!!
You die!!!

Action                   |  1- 3 |  4- 6 || total
-------------------------+-------+-------++-------
Melee: War axe           |   123 |    68 ||   191
       Unarmed           |     4 |       ||     4
  Use: Scroll            |     4 |     4 ||     8
       Potion            |     2 |       ||     2

Vault maps used:
D:1:      elethiomel_arrival_infinity_welcomes_careful_drivers
D:2:      uniq_terence
D:3:      vehumet_crystals, first_bread

Notes
Turn   | Place    | Note
--------------------------------------------------------------
     0 | D:1      | MackTheKnife, the Human Fighter, began the quest for the Orb.
     0 | D:1      | Reached XP level 1. HP: 18/18 MP: 1/1
   257 | D:1      | Reached XP level 2. HP: 8/24 MP: 2/2
   755 | D:1      | Reached skill level 3 in Axes
   968 | D:2      | Reached XP level 3. HP: 29/29 MP: 3/3
  1315 | D:2      | Noticed Terence
  1403 | D:2      | Killed Terence
  1403 | D:2      | Reached skill level 4 in Axes
  1403 | D:2      | Reached XP level 4. HP: 26/35 MP: 4/4
  2186 | D:3      | Killed from afar by an orc priest

Vanquished Creatures
  Terence (D:2)
  2 adders (D:2)
  A giant mite (D:3)
  2 worms
  A giant gecko (D:1)
  2 orcs (D:3)
  A ball python (D:1)
  4 giant cockroaches
  5 goblins
  2 hobgoblins
  A quokka (D:2)
  5 bats
  A giant newt (D:1)
  3 kobolds (D:1)
  2 rats
33 creatures vanquished.
